 Dungeon Crawl Stone Soup version 0.30-a0-1160-g6e42c06551 (webtiles) character file.

Game seed: 15428969185445852693

1507 Sobieck the Cutter (level 8, -6/40 (42) HPs)
             Began as a Vine Stalker Fighter on Apr 25, 2023.
             Was a Follower of Wu Jian.
             Mangled by a wight
             ... wielding a +3 long sword of freezing
              (12 damage)
             ... on level 7 of the Dungeon.
             The game lasted 00:13:00 (5042 turns).

Sobieck the Cutter (Vine Stalker Fighter)           Turns: 5042, Time: 00:13:01

HP:   -6/40 (42)    AC: 13    Str: 20    XL:     8   Next: 82%
MP:   0/9           EV: 10    Int:  8    God:    Wu Jian [*.....]
Gold: 112           SH:  5    Dex: 15    Spells: 7/7 levels left

rFire   . . .        m - +6 dagger "Hurhij" {vamp, rC++ rCorr Str+2 Dex-2, short}
rCold   + + .        c - +0 buckler
rNeg    . . .        b - +0 scale mail
rPois   .            i - +2 helmet
rElec   .            (no cloak)
rCorr   +            (no gloves)
SInv    +            (no boots)
Will    +....        g - amulet of magic regeneration {@e2}
Stlth   +            z - ring of see invisible
HPRegen 1.06/turn    G - +4 ring of protection
MPRegen 0.51/turn

%: guardian spirit
@: mighty, lightly drained
A: fangs 3, regeneration 1, magic shield, antimagic bite, no potion heal 2
a: Renounce Religion


You were on level 7 of the Dungeon.
You worshipped Wu Jian.
Wu Jian was aware of your devotion.
You visited 2 branches of the dungeon, and saw 8 of its levels.

You collected 399 gold pieces.
You spent 287 gold pieces at shops.


Innate Abilities, Weirdness & Mutations

You have razor-sharp teeth.
Your natural rate of healing is unusually fast.
When hurt, damage is shared between your health and your magic reserves.
Your bite disrupts and absorbs the magic of your enemies.
Potions cannot restore your health.


   Skills:
 + Level 4.1 Fighting
 * Level 7.6 Short Blades
 - Level 2.4 Armour
 + Level 2.5 Dodging
 + Level 4.2 Stealth
 + Level 4.1 Shields


You had 7 spell levels left.
You didn't know any spells.
Your spell library contained the following spells:

 Spells                   Type           Power      Damage    Failure   Level
 Freeze                   Ice            0%         1d3       83%         1
 Blink                    Tloc           0%         N/A       93%         2
 Lesser Beckoning         Tloc           0%         N/A       93%         2
 Momentum Strike          Conj/Tloc      0%         3d8       93%         2
 Static Discharge         Conj/Air       0%         2-2/arc   93%         2
 Frozen Ramparts          Ice            0%         1d1       99%         3
 Gell's Gravitas          Tloc           0%         N/A       99%         3
 Hailstorm                Conj/Ice       0%         3d3       99%         3
 Teleport Other           Tloc           0%         N/A       99%         3
 Airstrike                Air            0%         2d(0-16)  100%        4
 Summon Lightning Spire   Summ/Air       0%         N/A       100%        4
 Conjure Ball Lightning   Conj/Air       0%         3x3d6     100%        6
 Discord                  Hex            0%         N/A       100%        8
 Disjunction              Tloc           0%         N/A       100%        8

Inventory:

Hand Weapons
 a - a +7 heavy dagger {short}
   (You took it off a goblin on level 4 of the Dungeon)
 d - a +2 scythe of pain {polearm}
   (You took it off Sigmund on level 2 of the Dungeon)
 m - the +6 dagger "Hurhij" (weapon) {vamp, rC++ rCorr Str+2 Dex-2, short}
   (You found it on level 5 of the Dungeon)

   Str:       It affects your strength (+2).
   Dex:       It affects your dexterity (-2).
   rC:        It greatly protects you from cold.
   rCorr:     It protects you from acid and corrosion.
 J - a +0 rapier {short}
Missiles
 e - 96 stones {throwing}
 j - a throwing net {=f!fthrowing}
 p - 6 silver javelins {throwing}
 q - 12 poisoned darts {throwing}
 u - 7 boomerangs {throwing}
 v - 3 silver boomerangs {throwing}
 O - 4 curare-tipped darts (quivered) {=fthrowing}
Armour
 b - a +0 scale mail (worn)
 c - a +0 buckler (worn)
 i - a +2 helmet (worn)
   (You found it on level 1 of the Dungeon)
 o - a +0 ring mail
   (You took it off an orc on level 5 of the Dungeon)
 A - a +0 leather armour
   (You found it on level 3 of the Dungeon)
 E - a +0 robe
   (You found it on level 4 of the Dungeon)
 F - a +0 scale mail
   (You took it off an orc on level 7 of the Dungeon)
 I - a +0 leather armour
   (You found it on level 4 of the Dungeon)
 K - a +0 ring mail
   (You found it on level 4 of the Dungeon)
 L - a +0 leather armour
   (You took it off an orc on level 4 of the Dungeon)
 M - a +0 leather armour
   (You found it on level 4 of the Dungeon)
 P - a +0 ring mail
   (You found it on level 5 of the Dungeon)
 T - a +0 ring mail
   (You took it off an orc on level 6 of the Dungeon)
 V - a +0 leather armour
   (You took it off an orc on level 6 of the Dungeon)
 W - a +0 robe
   (You took it off an orc wizard on level 6 of the Dungeon)
 X - a +0 robe
   (You found it on level 6 of the Dungeon)
 Y - a +0 chain mail
   (You found it on level 6 of the Dungeon)
 Z - a +0 robe
   (You took it off an orc wizard on level 6 of the Dungeon)
Jewellery
 g - an amulet of magic regeneration (around neck) {@e2}
   (You found it on level 7 of the Dungeon)
 z - a ring of see invisible (left hand)
   (You found it on level 3 of the Dungeon)
 G - a +4 ring of protection (right hand)
   (You found it on level 4 of the Dungeon)
 N - a ring of positive energy
   (You found it on level 7 of the Dungeon)
Wands
 h - a wand of iceblast (3)
   (You found it on level 7 of the Dungeon)
 U - a wand of digging (6)
   (You found it on level 6 of the Dungeon)
Scrolls
 f - a scroll of poison {!r}
 k - a scroll of teleportation {@r4}
 l - 2 scrolls of immolation {!r!r}
 s - 2 scrolls of noise {!r}
 y - 3 scrolls of blinking {!r}
 C - 2 scrolls of amnesia
 D - 2 scrolls of enchant armour
Potions
 n - a potion of mutation {!q}
 r - a potion of attraction {unknown}
 t - a potion of invisibility {unknown}
 w - a potion of lignification {unknown}
 x - 2 potions of brilliance
 B - 2 potions of curing {@q1}
 H - a potion of cancellation
 Q - a potion of degeneration {unknown}
 R - a potion of magic {unknown}

Dungeon Overview and Level Annotations

Branches:
Dungeon (7/15) Zot: 26838  Temple (1/1) D:5 Zot: 5969

Altars:
Dithmenos
Elyvilon
Hepliaklqana
Okawaru
Qazlal
Sif Muna
Vehumet
Wu Jian
Xom
The Shining One

Shops:
D:2 *   D:7 (

Annotations:
D:6 1 runed translucent door, Crazy Yiuf

#....########
+....+...).>#
#....###.##.#
#.....
#.##.#######
#.....
#.....∩.[..##
#..z..
####)#......#
#..zz.
#z##.....#
#....z
#z##.....#
#.o...
#@###†####
#B# #...#
###### ...
###.# #..)#.
.....
#.#####[#.#.
#.....#
#.......#...
###+###
#########.##
#.#
#...........
#.#
#.##########
#.#####.#


You could see a boulder beetle (poisoned) and 2 wights.


Message History

h - a wand of iceblast (3)
You see here a +0 leather armour.
There is an entrance to Ivoenoank's Antique Weapon Emporium here.
Unknown command.
Unknown command.
Found a stone staircase leading down.
Unknown command.
You open the door. 4 wights, an orc and a boulder beetle come into view.
A wight is wielding a +1 long sword of freezing.
A wight is wielding a +3 long sword of freezing.
The boulder beetle curls into a ball and begins rolling!
There is an open door here.
Danger!
You close the door.
You open the door.
Danger!
Unknown command.
Throw: 12 darts (poison) {throwing}
Press: ? - help, Q - select action, (/) - cycle Shift-Dir - straight line, f - boulder beetle
Aim: a boulder beetle (90% to hit)
Okay, then.
Unknown command.
Throw: 5 darts (curare) {=fthrowing}
Press: ? - help, Q - select action, (/) - cycle Shift-Dir - straight line, f - boulder beetle
Aim: a boulder beetle (90% to hit)
You throw a curare-tipped dart {=fthrowing}.
The curare-tipped dart {=fthrowing} hits the boulder beetle.
The boulder beetle is poisoned.
The boulder beetle convulses.
The boulder beetle seems to slow down.
Unknown command.
You hit the boulder beetle but do no damage.
You bite the boulder beetle, but do no damage.
Unknown command.
You hit the boulder beetle but do no damage.
You bite the boulder beetle, but do no damage.
The boulder beetle closely misses you.
You hit the boulder beetle but do no damage.
You bite the boulder beetle, but do no damage.
Unknown command.
You hit the boulder beetle.
The boulder beetle bites you but does no damage.
You hit the boulder beetle but do no damage.
You bite the boulder beetle, but do no damage.
Unknown command.
You hit the boulder beetle but do no damage.
You bite the boulder beetle. You drain its power.
You hit the boulder beetle but do no damage.
You bite the boulder beetle! You drain its power.
The boulder beetle leaps!
Unknown command.
You lunge at the wight.
You puncture the wight! Your bite misses the wight.
The wight barely misses you.
Unknown command.
You hit the wight but do no damage. You bite the wight. You drain its power.
The wight hits you with a +1 long sword.
Unknown command.
You completely miss the wight. You bite the wight.
You destroy the wight!
The Council accepts your kill.
Unknown command.
Unknown command.
The boulder beetle leaps!
Unknown command.
You lunge at the wight, in a flurry of attacks.
You hit the wight but do no damage. You bite the wight. You drain its power.
You puncture the wight! Your bite misses the wight.
The wight hits you with a +1 long sword of freezing.
You feel drained. The wight attacks as you move away!
The wight hits you with a +1 long sword of freezing.
You feel drained.
You hit the wight.
You destroy the wight!
The Council accepts your kill.
Unknown command.
You lunge at the boulder beetle.
You hit the boulder beetle but do no damage.
You bite the boulder beetle, but do no damage.
The boulder beetle bites you!!
* * * LOW HITPOINT WARNING * * *
Unknown command.
Unknown command.
You hit the boulder beetle but do no damage.
Your bite misses the boulder beetle. You block the wight's attack.
Unknown command.
You hit the boulder beetle but do no damage.
The boulder beetle closely misses you.
Unknown command.
You feel very mighty all of a sudden.
The wight hits you with a +3 long sword of freezing.
* * * LOW HITPOINT WARNING * * *
The boulder beetle bites you but does no damage.
Unknown command.
You hit the boulder beetle but do no damage.
You block the wight's attack. The boulder beetle bites you!
* * * LOW HITPOINT WARNING * * *
Unknown command.
You puncture the boulder beetle!
You bite the boulder beetle, but do no damage.
The wight hits you with a +3 long sword of freezing!
You die...

Skill      XL: |  1  2  3  4  5  6  7  8 |
---------------+-------------------------+-----
Short Blades   | 2 3 5 6 7 |  7.6
Stealth        | 1 2 4 |  4.2
Fighting       | 3 4 |  4.1
Shields        | 3 4 |  4.1
Dodging        | 1 2 |  2.5
Armour         | |  2.4

Action                     |  1- 3 |  4- 6 |  7- 9 || total
---------------------------+-------+-------+-------++-------
  Melee: Rapier            |   129 |   114 |    12 ||   255
         Bite              |    31 |    27 |    79 ||   137
         Dagger            |       |       |   228 ||   228
  Throw: Dart              |       |     2 |     1 ||     3
Ability: Lunge             |       |       |    15 ||    15
    Use: Scroll            |       |     5 |    13 ||    18
         Potion            |       |     2 |     1 ||     3
 Armour: Scale mail        |    71 |    38 |    69 ||   178
  Dodge: Dodged            |    86 |    52 |    63 ||   201
  Block: Buckler           |    37 |    19 |    27 ||    83

Levels and vault maps discovered:
D:1:      lightli_molten_gateway, layout_basic
D:2:      minmay_alternating_diamond, layout_rooms, serial_shops, shop,
          shapermc_ecumenical_altar_totnotflames, chequers_mini_garden,
          uniq_sigmund
D:3:      layout_loops_corners, general_overflow_altar
D:4:      layout_gridville, nicolae_overflow_hidden_temple, grunt_ministairs_15
D:5:      cheibrodos_quashed, layout_loops_cross,
          mainiacjoe_overflow_surrounded_room, minmay_temple_entry_offerings,
          kennysheep_decorative_pillar
D:6:      layout_cave_pools, uniq_crazy_yiuf_cottage
D:7:      layout_basic, serial_shops, shop
Temple:   regret_index_temple_waves

Notes
Turn   | Place    | Note
-------+----------+-------------------------------------------
     0 | D:1      | Sobieck the Vine Stalker Fighter began the quest for the
                  | Orb.
     0 | D:1      | Reached XP level 1. HP: 11/11 MP: 2/2
    32 | D:1      | Reached skill level 2 in Short Blades
    41 | D:1      | Reached XP level 2. HP: 7/16 MP: 3/3
    41 | D:1      | HP: 4/16 [kobold/+0 whip (3)]
   246 | D:1      | Reached skill level 3 in Short Blades
   304 | D:1      | Reached XP level 3. HP: 19/19 MP: 4/4
   942 | D:2      | Found Exawuo's General Store.
  1010 | D:1      | Gained mutation: Your natural rate of healing is unusually
                  | fast. [Vine Stalker growth]
  1010 | D:1      | Reached XP level 4. HP: 14/23 MP: 5/5
  1040 | D:2      | Reached skill level 4 in Short Blades
  1081 | D:2      | Bought a scroll of identify for 28 gold pieces
  1365 | D:2      | Found a faded altar of an unknown god.
  1601 | D:2      | Noticed Sigmund
  1632 | D:2      | Killed Sigmund
  1633 | D:2      | Reached skill level 5 in Short Blades
  1633 | D:2      | Reached XP level 5. HP: 27/27 MP: 6/6
  1633 | D:2      | Reached XP level 6. HP: 32/32 MP: 7/7
  1701 | D:2      | Bought a scroll of noise for 14 gold pieces
  1701 | D:2      | Bought a scroll of immolation for 56 gold pieces
  1849 | D:3      | You pick up a book of Chaos and begin reading...
  1849 | D:3      | You add the spells Conjure Ball Lightning, Disjunction and
                  | Discord to your library.
  1865 | D:3      | Found a shimmering altar of Xom.
  1913 | D:3      | Noticed an ice beast
  1929 | D:3      | Killed an ice beast
  1930 | D:3      | Reached skill level 6 in Short Blades
  1984 | D:3      | Reached skill level 1 in Stealth
  2481 | D:3      | You pick up a book of Storms and begin reading...
  2481 | D:3      | You add the spells Static Discharge, Airstrike and Summon
                  | Lightning Spire to your library.
  2748 | D:2      | Bought a scroll of blinking for 105 gold pieces
  2779 | D:4      | Found a shimmering blue altar of Sif Muna.
  2844 | D:4      | Reached skill level 3 in Fighting
  2844 | D:4      | Reached skill level 3 in Shields
  2844 | D:4      | Reached XP level 7. HP: 29/36 MP: 8/8
  3058 | D:4      | Reached skill level 1 in Dodging
  3098 | D:4      | Reached skill level 2 in Stealth
  3191 | D:4      | Found a shadowy altar of Dithmenos.
  3192 | D:4      | Found a glowing golden altar of the Shining One.
  3209 | D:4      | You pick up a book of Spatial Translocations and begin
                  | reading...
  3209 | D:4      | You add the spells Blink, Momentum Strike and Lesser
                  | Beckoning to your library.
  3375 | D:5      | Entered Level 5 of the Dungeon
  3434 | D:5      | Found a staircase to the Ecumenical Temple.
  3496 | D:5      | Identified the +6 dagger "Hurhij" {vamp, rC++ rCorr Str+2
                  | Dex-2}
  3506 | D:5      | You pick up a book of Frost and begin reading...
  3506 | D:5      | You add the spells Freeze, Frozen Ramparts and Hailstorm to
                  | your library.
  3509 | Temple   | Entered the Ecumenical Temple
  3524 | Temple   | Became a worshipper of the Wu Jian Council
  3719 | D:2      | Bought 5 curare-tipped darts for 84 gold pieces
  4184 | D:5      | Found a white marble altar of Elyvilon.
  4262 | D:6      | Gained mutation: You have razor-sharp teeth. [Vine Stalker
                  | growth]
  4262 | D:6      | Reached XP level 8. HP: 37/40 MP: 9/9
  4302 | D:6      | Reached skill level 7 in Short Blades
  4302 | D:6      | Reached skill level 3 in Stealth
  4419 | D:6      | Reached skill level 2 in Dodging
  4824 | D:6      | Found a runed translucent door.
  4825 | D:6      | Noticed Crazy Yiuf
  4885 | D:7      | Reached * piety under Wu Jian
  4886 | D:7      | Reached skill level 4 in Fighting
  4886 | D:7      | Reached skill level 4 in Shields
  4903 | D:7      | Reached skill level 4 in Stealth
  4936 | D:7      | You pick up a book of Displacement and begin reading...
  4936 | D:7      | You add the spells Gell's Gravitas and Teleport Other to
                  | your library.
  4977 | D:7      | Found Ivoenoank's Antique Weapon Emporium.
  5008 | D:7      | Noticed a boulder beetle
  5041 | D:7      | HP: 5/40 [boulder beetle (10)]
  5042 | D:7      | Mangled by a wight

Vanquished Creatures
  Sigmund (D:2)
  3 ice beasts
  2 phantoms
  2 scorpions
  2 wights (D:7)
  3 hounds
  2 jellies
  2 sleepcaps
  4 iguanas
  6 orc wizards
  8 gnolls
  5 adders
  2 ufetubi
  2 worms
  5 dart slugs
  11 orcs
  5 bats
  13 endoplasms
  2 giant cockroaches (D:1)
  7 goblins
  8 hobgoblins
  4 jackals (D:1)
  7 quokkas
  9 ball pythons
  4 frilled lizards
  6 kobolds
  7 rats
132 creatures vanquished.

Table legend:
 A = Non-vault XP
 B = Vault XP
 C = Vault XP percentage of total XP
 D = Non-vault monster count
 E = Vault monster count
 F = Vault count percentage of total count
                 A         B        C        D         E       F
            +---------+---------+-------+---------+---------+-------
      Total |    1849 |     304 |  14.1 |     123 |       9 |   6.8
            +---------+---------+-------+---------+---------+-------
        D:1 |      93 |       0 |   0.0 |      39 |       0 |   0.0
        D:2 |      61 |     234 |  79.3 |      15 |       4 |  21.1
        D:3 |     194 |       0 |   0.0 |      15 |       0 |   0.0
        D:4 |     289 |      70 |  19.5 |      20 |       5 |  20.0
        D:5 |     241 |       0 |   0.0 |       8 |       0 |   0.0
        D:6 |     594 |       0 |   0.0 |      17 |       0 |   0.0
        D:7 |     377 |       0 |   0.0 |       9 |       0 |   0.0
            +---------+---------+-------+---------+---------+-------

Skill      XL: |  1  2  3  4  5  6  7  8 |
---------------+-------------------------+-----
Short Blades   | 2 3 5 6 7 |  7.6
Stealth        | 1 2 4 |  4.2
Fighting       | 3 4 |  4.1
Shields        | 3 4 |  4.1
Dodging        | 1 2 |  2.5
Armour         | |  2.4

Action                     |  1- 3 |  4- 6 |  7- 9 || total
---------------------------+-------+-------+-------++-------
  Melee: Rapier            |   129 |   114 |    12 ||   255
         Bite              |    31 |    27 |    79 ||   137
         Dagger            |       |       |   228 ||   228
  Throw: Dart              |       |     2 |     1 ||     3
Ability: Lunge             |       |       |    15 ||    15
    Use: Scroll            |       |     5 |    13 ||    18
         Potion            |       |     2 |     1 ||     3
 Armour: Scale mail        |    71 |    38 |    69 ||   178
  Dodge: Dodged            |    86 |    52 |    63 ||   201
  Block: Buckler           |    37 |    19 |    27 ||    83

Illustrated notes

Table legend:
 A = Kills in this place as a percentage of kills in the entire game.
 B = Kills by you in this place as a percentage of kills by you in the entire game.
 C = Kills by friends in this place as a percentage of kills by friends in the entire game.
 D = Other kills in this place as a percentage of other kills in the entire game.
 E = Experience gained in this place as a percentage of experience gained in the entire game.
 F = Experience gained in this place divided by the number of levels of this place that you have seen.
                   A       B       C       D       E      F
               +-------+-------+-------+-------+-------+----------------------
         Total | 100.0 | 100.0 |   N/A |   N/A | 100.0 | 269.1
       Dungeon | 100.0 | 100.0 |   N/A |   N/A | 100.0 | 307.6
               +-------+-------+-------+-------+-------+----------------------

Table legend: (Time is in decaauts)
 A = Elapsed time spent in this place.
 B = Non-inter-level travel time spent in this place.
 C = Inter-level travel time spent in this place.
 D = Time resting spent in this place.
 E = Time spent auto-exploring this place.
 F = Levels seen in this place.
 G = Mean time per level.
                   A        B        C        D        E       F      G
               +--------+--------+--------+--------+--------+-----+--------+
         Total |   4984 |   4660 |    324 |     82 |   3534 |   8 |  623.0 |
       Dungeon |   4953 |   4644 |    309 |     82 |   3525 |   7 |  707.6 |
        Temple |     30 |     16 |     14 |      0 |      9 |   1 |   30.0 |
               +--------+--------+--------+--------+--------+-----+--------+

Top non-repeatable levels by time:
     D:1: 1012 daAuts
     D:3: 988 daAuts
     D:2: 747 daAuts
     D:5: 729 daAuts
     D:4: 697 daAuts
     D:6: 616 daAuts
     D:7: 161 daAuts
  Temple: 30 daAuts
